 Dungeon Crawl Stone Soup version 0.17.1-3-g152610e (webtiles) character file.

116 Gargoyl the Skirmisher (level 4, 0/35 HPs)
             Began as a Demonspawn Abyssal Knight on Mar 14, 2016.
             Was a Priest of Lugonu.
             Slain by a gnoll
             ... wielding a +0 spear
              (3 damage)
             ... on level 3 of the Dungeon.
             The game lasted 00:04:48 (2643 turns).

Gargoyl the Skirmisher (Demonspawn Abyssal Knight)  Turns: 2643, Time: 00:04:48

Health: 0/35       AC: 11    Str: 13    XL:     4   Next: 70%
Magic:  6/6        EV:  6    Int: 13    God:    Lugonu [***...]
Gold:   181        SH:  0    Dex: 13    Spells: 0 memorised, 3 levels left

rFire  . . .     SeeInvis .     a - +1 hand axe
rCold  . . .     Clarity  .     s - +0 chain mail
rNeg   . . .     SustAt   .     (no shield)
rPois  .         Gourm    +     u - +0 helmet
rElec  .         Spirit   .     b - +0 cloak (curse)
rCorr  .         Warding  .     (no gloves)
rMut   .         Stasis   .     (no boots)
MR     .....                    n - amulet of the gourmand
Stlth  ..........               (no ring)
                                (no ring)

@: not resistant to hostile enchantments, extremely unstealthy
A: claws 1, powered by death 1
a: Depart the Abyss, Bend Space, Banish, Renounce Religion


You were on level 3 of the Dungeon.
You worshipped Lugonu.
Lugonu was most pleased with you.
You were not hungry.

You visited 1 branch of the dungeon, and saw 3 of its levels.
You visited the Abyss 1 time.
You also visited: Sewer.

You collected 181 gold pieces.

Inventory:

Hand Weapons
 a - a +1 hand axe (weapon)
 A - a +0 flail
Missiles
 t - 3 tomahawks (quivered)
Armour
 b - a cursed +0 cloak (worn)
 s - a +0 chain mail (worn)
 u - a +0 helmet (worn)
Jewellery
 n - an amulet of the gourmand (around neck)
Wands
 B - a wand of draining (10)
Scrolls
 e - 2 scrolls of magic mapping {unknown}
 g - a scroll of teleportation {unknown}
 h - 3 scrolls of identify {unknown}
 j - a scroll of noise {unknown}
 k - a scroll of blinking {unknown}
 l - a scroll of enchant armour {unknown}
 p - a scroll of enchant weapon {unknown}
 q - a scroll of remove curse {unknown}
 v - a scroll of amnesia {unknown}
 y - a scroll of torment {unknown}
Potions
 f - 3 potions of heal wounds {unknown}
 i - a potion of cancellation {unknown}
 m - a potion of brilliance {unknown}
 o - a potion of resistance {unknown}
 w - 2 potions of agility {unknown}
 x - 7 potions of curing
 z - a potion of might {unknown}
 C - a potion of mutation {unknown}
 D - a potion of magic {unknown}
Comestibles
 c - a bread ration
 d - 2 beef jerkies
 r - a meat ration


   Skills:
 + Level 3.5 Fighting
 + Level 2.6 Axes
 + Level 2.6 Armour
 + Level 1.9 Dodging
 + Level 3.3 Invocations


You had 3 spell levels left.
You didn't know any spells.

Dungeon Overview and Level Annotations

Branches:
Dungeon (3/15)

Altars:


Innate Abilities, Weirdness & Mutations

You have sharp fingernails.
You regenerate a little health from kills.


Message History

The gnoll closely misses you.
You hit the gnoll.
The gnoll is moderately wounded.
The gnoll hits you but does no damage. The gnoll barely misses you.
You closely miss the gnoll.
The gnoll is moderately wounded.
The gnoll hits you but does no damage. The gnoll closely misses you.
The gnoll closely misses you.
You closely miss the gnoll.
The gnoll is moderately wounded.
You feel less regenerative. The gnoll hits you with a halberd!
The gnoll hits you from afar with a spear.
* * * LOW HITPOINT WARNING * * *
You hit the gnoll.
The gnoll is severely wounded.
The gnoll hits you with a halberd.
* * * LOW HITPOINT WARNING * * *
The gnoll hits you from afar with a spear.
You die...

#................
#.....<.[........
#..>)............
#................
#................ .
#................ .>.
##..............#
?....#######.....##.....##
......wgg@..########..###
......r####..#######.##
....... ##.........#
........#####...#.########
..............###.........
........####### ##########
....... .......


You could see a worm, 2 gnolls and a rat.

Vanquished Creatures
  A gnoll (D:3)
  An adder (D:2)
  4 oozes (Sewer)
  A worm (D:3)
  2 giant geckos
  2 orcs (D:3)
  8 giant cockroaches
  6 goblins
  6 hobgoblins
  A quokka (D:3)
  A ball python (Sewer)
  7 bats
  2 jackals (D:2)
  21 kobolds
  9 rats
72 creatures vanquished.

Notes
Turn   | Place    | Note
--------------------------------------------------------------
     0 | Abyss:1  | Gargoyl the Demonspawn Abyssal Knight began the quest for the Orb.
     0 | Abyss:1  | Reached XP level 1. HP: 18/18 MP: 2/2
    74 | Abyss:1  | Noticed a wight
   121 | Abyss:1  | Noticed a smoke demon
   124 | D:1      | Escaped the Abyss
   134 | D:1      | Reached * piety under Lugonu
   465 | D:1      | Reached skill level 1 in Dodging
   474 | D:1      | Gained mutation: You have sharp fingernails. [demonic ancestry]
   474 | D:1      | Reached XP level 2. HP: 9/24 MP: 3/3
  1372 | D:2      | Gained mutation: You regenerate a little health from kills. [demonic ancestry]
  1372 | D:2      | Reached XP level 3. HP: 16/29 MP: 5/5
  2053 | D:3      | Found a glowing drain.
  2060 | D:3      | Reached ** piety under Lugonu
  2099 | Sewer    | Entered a sewer
  2171 | Sewer    | Reached XP level 4. HP: 35/35 MP: 6/6
  2600 | D:3      | Reached *** piety under Lugonu
  2643 | D:3      | Slain by a gnoll

Action                   |  1- 3 |  4- 6 || total
-------------------------+-------+-------++-------
Melee: Hand axe          |   144 |    66 ||   210
Invok: Depart the Abyss  |     1 |       ||     1
  Eat: Chunk             |     6 |       ||     6
